 Dungeon Crawl Stone Soup version 0.26.1-11-gd32895ea62 (webtiles) character file.

Game seed: 2644861051910261949

107 Zeld the Twirler (level 4, -5/29 HPs)
             Began as an Octopode Gladiator on May 19, 2021.
             Slain by Sigmund
             ... wielding a +0 scythe
              (10 damage)
             ... on level 2 of the Dungeon.
             The game lasted 00:01:29 (1395 turns).

Zeld the Twirler (Octopode Gladiator)               Turns: 1395, Time: 00:01:30

Health: -5/29      AC:  1    Str: 13    XL:     4   Next: 85%
Magic:  4/4        EV: 14    Int: 10    God:
Gold:   105        SH:  0    Dex: 14    Spells: 3/3 levels left

rFire    . . .     SeeInvis .   a - +0 quarterstaff
rCold    . . .     Faith    .   (shield currently unavailable)
rNeg     . . .     Spirit   .   b - +0 hat
rPois    .         Reflect  .   (no amulet)
rElec    .         Harm     .   (no ring)
rCorr    .         Rampage  .   (no ring)
Will     .....                  (no ring)
Stlth    ++........             (no ring)
HPRegen  0.09/turn              (no ring)
MPRegen  0.09/turn              (no ring)
                                (no ring)
                                (no ring)

@: no status effects
A: almost no armour, stealthy swim, amphibious, 8 rings, constrict 8, camouflage
1, gelatinous body 1
a: no special abilities


You were on level 2 of the Dungeon.
You visited 1 branch of the dungeon, and saw 2 of its levels.

You collected 105 gold pieces.

Inventory:

Hand Weapons
 a - a +0 quarterstaff (weapon)
Missiles
 c - 3 throwing nets (quivered)
Armour
 b - a +0 hat (worn)
Scrolls
 d - 3 scrolls of enchant armour {unknown}
 e - a scroll of teleportation {unknown}
 g - a scroll of remove curse {unknown}
 h - 4 scrolls of identify {unknown}
 i - a scroll of enchant weapon {unknown}
 k - a scroll of random uselessness {unknown}
 m - a scroll of noise {unknown}
Potions
 f - 2 potions of lignification {unknown}
 j - a potion of haste {unknown}
 l - 2 potions of degeneration {unknown}


   Skills:
 - Level 2.0 Fighting
 * Level 4.3 Staves
 * Level 3.7 Throwing
 - Level 3.0 Dodging


You had 3 spell levels left.
You didn't know any spells.
Your spell library was empty.

Dungeon Overview and Level Annotations

Branches:
Dungeon (2/15)

Altars:
Hepliaklqana
Sif Muna
Trog

Annotations:
D:2 Sigmund


Innate Abilities, Weirdness & Mutations

You cannot wear most types of armour.
You are very stealthy in the water. (Stealth+)
You are amphibious.
You can wear up to eight rings at the same time.
You can use your tentacles to constrict eight enemies at once.
Your skin changes colour to match your surroundings (Stealth+).
Your rubbery body absorbs attacks. (AC +1, EV +1)


Message History

You sock Sigmund!
Sigmund is moderately wounded.
Sigmund completely misses you.
You barely miss Sigmund.
Sigmund is moderately wounded.
Sigmund misses you.
You feel less confused. Sigmund hits you with a +0 scythe!
* * * LOW HITPOINT WARNING * * *
You hit Sigmund but do no damage. You grab Sigmund.
Sigmund is moderately wounded.
You constrict Sigmund. Sigmund closely misses you.
You hit Sigmund. You squeeze Sigmund.
Sigmund is severely wounded.
You constrict Sigmund. You hit Sigmund.
Sigmund is almost dead.
You constrict Sigmund, but do no damage.
Sigmund hits you with a +0 scythe!
You die...

#......# #... #......#
#...
#......##########...
#....... ........... #.
....##########... #.
#......# #...
#.###......######...
##>@............##.##
#...@#......#....#.#
........#......#....#.#
...(.....#......#....#.#
.......###......####.#.#
....... ######## #.†.##
######. ##### ##..#. #.
#..... #..#.
#.....####.#.
........#<...


You could see Sigmund.

Vanquished Creatures
  Natasha (twice) (D:2)
  An adder (D:2)
  2 oozes
  3 worms (D:2)
  A dart slug (D:1)
  A giant cockroach (D:1)
  3 goblins
  3 jackals (D:1)
  3 kobolds (D:2)
  6 bats
  3 frilled lizards
  6 rats
34 creatures vanquished.

Notes
Turn   | Place    | Note
-------+----------+-------------------------------------------
     0 | D:1      | Zeld the Octopode Gladiator began the quest for the Orb.
     0 | D:1      | Reached XP level 1. HP: 14/14 MP: 1/1
   141 | D:1      | Reached XP level 2. HP: 19/19 MP: 2/2
   414 | D:1      | Reached XP level 3. HP: 22/24 MP: 3/3
   722 | D:2      | Noticed Natasha
   730 | D:2      | Killed Natasha
   744 | D:2      | Reached skill level 4 in Staves
   744 | D:2      | Reached XP level 4. HP: 21/29 MP: 4/4
   852 | D:2      | Noticed Natasha
  1034 | D:2      | Killed Natasha
  1036 | D:2      | Found a shimmering blue altar of Sif Muna.
  1036 | D:2      | Found a hazy altar of Hepliaklqana.
  1042 | D:2      | Found a bloodstained altar of Trog.
  1044 | D:2      | Found a faded altar of an unknown god.
  1046 | D:2      | Found a faded altar of an unknown god.
  1380 | D:2      | Noticed Sigmund
  1395 | D:2      | Slain by Sigmund

Illustrated notes

Levels and vault maps discovered:
D:1:      matt_arrival_los_fun, layout_rooms, chequers_garden
D:2:      layout_basic, chequers_temple_overflow_minitemple, uniq_sigmund,
          uniq_natasha

Skill      XL: |  1  2  3 |
---------------+----------+-----
Throwing       | 3 |  3.7
Staves         | 4 |  4.3
Fighting       | |  2.0
Dodging        | |  3.0

Action                   |  1- 3 |  4- 6 || total
-------------------------+-------+-------++-------
Melee: Quarterstaff      |    39 |    27 ||    66
       Constrict         |    10 |     7 ||    17
       Tentacles         |     6 |     5 ||    11
 Stab: Sleeping          |     4 |     3 ||     7
Armor: Skin              |     4 |     1 ||     5
Dodge: Dodged            |    27 |    19 ||    46
